 Dungeon Crawl Stone Soup version 0.18.1-8-gdd0e5ea (webtiles) character file.

140 dvd the Chopper (level 5, -6/46 HPs)
             Began as a Hill Orc Gladiator on June 6, 2016.
             Mangled by Menkaure (18 damage)
             ... on level 4 of the Dungeon.
             The game lasted 00:04:57 (2761 turns).

dvd the Chopper (Hill Orc Gladiator)                Turns: 2761, Time: 00:04:57

Health: -6/46      AC:  9    Str: 18    XL:     5   Next: 23%
Magic:  5/5        EV:  8    Int:  8    God:
Gold:   95         SH:  0    Dex: 12    Spells: 0 memorised, 4 levels left

rFire  . . .     SeeInvis .     a - +0 war axe
rCold  . . .     Gourm    .     m - +0 chain mail
rNeg   . . .     Faith    .     (no shield)
rPois  .         Spirit   .     c - +0 helmet
rElec  .         Dismiss  .     (no cloak)
rCorr  .         Reflect  .     (no gloves)
SustAt .         Harm     .     (no boots)
MR     +....                    (no amulet)
Stlth  ..........               (no ring)
                                l - ring of protection from magic

@: somewhat resistant to hostile enchantments, extremely unstealthy
A: no striking features
a: no special abilities


You were on level 4 of the Dungeon.
You were not hungry.

You visited 1 branch of the dungeon, and saw 4 of its levels.

You collected 95 gold pieces.

Inventory:

Hand Weapons
 a - a +0 war axe (weapon)
 r - a +0 flail
Missiles
 d - 3 throwing nets (quivered)
Armour
 b - a +0 leather armour
 c - a +0 helmet (worn)
 m - a +0 chain mail (worn)
Jewellery
 l - a ring of protection from magic (left hand)
Wands
 i - a wand of polymorph (11/24)
 s - a wand of flame (20/48)
 v - a wand of polymorph (17/24)
Scrolls
 j - 2 scrolls of remove curse {unknown}
 n - 2 scrolls of recharging {unknown}
 o - 2 scrolls of identify {unknown}
 q - a scroll of enchant armour {unknown}
 t - 2 scrolls of immolation {unknown}
 w - a scroll of teleportation {unknown}
 x - a scroll of random uselessness {unknown}
Potions
 e - 2 potions of lignification {unknown}
 g - 2 potions of heal wounds {unknown}
 h - 2 potions of curing {unknown}
 p - 2 potions of might {unknown}
 u - a potion of flight {unknown}
Comestibles
 f - a bread ration
 k - 2 meat rations


   Skills:
 + Level 3.7 Fighting
 + Level 5.2 Axes
 + Level 1.8 Throwing
 + Level 2.1 Armour
 + Level 3.0 Dodging
 + Level 0.1 Stealth


You had 4 spell levels left.
You didn't know any spells.

Dungeon Overview and Level Annotations

Branches:
Dungeon (4/15)
 Temple: D:4-7

Altars:

Annotations:
D:4 Menkaure


Message History

You are no longer poisoned.
Menkaure, Prince of Dust comes into view.
Menkaure shouts!
Menkaure moves out of view.
Eat which item? (? for menu, Esc to quit)
Mmm...
Peppers.
You start resting.
Menkaure casts a spell.
Menkaure seems to speed up.
You barely miss Menkaure.
Menkaure says, "Why can't you leave me to my rest?"
Menkaure barely misses you.
You slash Menkaure!
Menkaure is heavily damaged.
Menkaure hits you! Menkaure hits you.
* * * LOW HITPOINT WARNING * * *
You hit Menkaure.
Menkaure is heavily damaged.
Menkaure hits you!!
You die...

#.# #.###.#####
#.#
#####.....#....
#.#
#.....###.#.###
#.# #.###.# #...#
#.# #.# #.###...#
#
#.###.###......##
#
#.........###.##
# #####.##### #.#
# #.@...# #.# #
#M##### #+# # #.
# #. #. #. # #. +
.. #


You could see Menkaure.

Vanquished Creatures
  An orc wizard (D:3)
  Terence (D:2)
  3 adders
  An ooze (D:3)
  A worm (D:2)
  A dart slug (D:2)
  3 giant geckos
  3 orcs (D:3)
  A ball python (D:3)
  3 bats
  A giant cockroach (D:1)
  7 goblins
  4 hobgoblins
  3 kobolds
  10 giant newts
  5 rats
48 creatures vanquished.

Notes
Turn   | Place    | Note
--------------------------------------------------------------
     0 | D:1      | dvd the Hill Orc Gladiator began the quest for the Orb.
     0 | D:1      | Reached XP level 1. HP: 18/18 MP: 1/1
   290 | D:1      | Reached XP level 2. HP: 19/25 MP: 2/2
  1008 | D:2      | Reached XP level 3. HP: 20/30 MP: 3/3
  1142 | D:2      | Noticed Terence
  1155 | D:2      | Killed Terence
  1187 | D:2      | Reached skill level 1 in Armour
  1187 | D:2      | Reached XP level 4. HP: 29/38 MP: 4/4
  2075 | D:3      | Reached skill level 5 in Axes
  2083 | D:3      | Reached XP level 5. HP: 15/46 MP: 5/5
  2618 | D:3      | Noticed a phantom
  2752 | D:4      | Noticed Menkaure
  2761 | D:4      | Mangled by Menkaure

Skill      XL: |  1  2  3  4  5 |
---------------+----------------+-----
Fighting       | 3 |  3.7
Dodging        | 3 |  3.0
Armour         | 1 2 |  2.1
Axes           | 5 |  5.2
Throwing       | |  1.8
Stealth        | |  0.1

Action                   |  1- 3 |  4- 6 || total
-------------------------+-------+-------++-------
Melee: War axe           |    86 |    86 ||   172
  Eat: Chunk             |     1 |     2 ||     3
       Pizza             |       |     1 ||     1
       Beef jerky        |       |     1 ||     1
Armor: Leather armour    |    21 |       ||    21
       Chain mail        |    11 |    50 ||    61
Dodge: Dodged            |    48 |    31 ||    79
